 Dungeon Crawl Stone Soup version 0.29.1-15-g9cfb28693d (webtiles) character file.

Game seed: 5862600651638762082

1260 leetdood the Chopper (level 8, -6/71 HPs)
             Began as a Minotaur Fighter on Mar 12, 2023.
             Mangled by a two-headed ogre
             ... wielding a +0 giant club
              (26 damage)
             ... on level 6 of the Dungeon.
             The game lasted 00:15:06 (5970 turns).

leetdood the Chopper (Minotaur Fighter)             Turns: 5970, Time: 00:15:07

Health: -6/71      AC: 12    Str: 20 (23) XL:     8   Next: 27%
Magic:  7/7        EV: 11    Int:  4 (5)  God:
Gold:   297        SH:  5    Dex:  8 (10) Spells: 7/7 levels left

rFire   . . .      SeeInvis .   a - +1 war axe
rCold   . . .      Faith    .   c - +0 buckler
rNeg    . . .      Spirit   .   r - +0 chain mail
rPois   .          Reflect  .   (helmet restricted)
rElec   .          Harm     .   x - +0 cloak
rCorr   .          Rampage  .   (no gloves)
Will    .....                   B - +0 pair of boots
Stlth   ..........              (no amulet)
HPRegen 0.21/turn               s - +4 ring of evasion
MPRegen 0.10/turn               (no ring)

@: attractive
A: horns 2, retaliatory headbutt
a: no special abilities


You were on level 6 of the Dungeon.
You visited 2 branches of the dungeon, and saw 7 of its levels.
You also visited: Sewer.

You collected 297 gold pieces.

Inventory:

Hand Weapons
 a - a +1 war axe (weapon)
 v - a +2 dagger of flaming
Armour
 c - a +0 buckler (worn)
 r - a +0 chain mail (worn)
 x - a +0 cloak (worn)
 B - a +0 pair of boots (worn)
Jewellery
 s - a +4 ring of evasion (left hand)
Wands
 z - a wand of charming (5)
 A - a wand of roots (4)
 E - a wand of flame (22)
Scrolls
 d - a scroll of poison
 e - 5 scrolls of teleportation
 g - a scroll of magic mapping
 k - 2 scrolls of blinking
 l - 3 scrolls of noise {unknown}
 n - 2 scrolls of enchant weapon
 o - a scroll of fear {unknown}
 q - 2 scrolls of vulnerability {unknown}
 t - a scroll of amnesia {unknown}
 y - a scroll of torment {unknown}
 C - 4 scrolls of identify {unknown}
 D - a scroll of enchant armour {unknown}
Potions
 b - a potion of berserk rage {unknown}
 f - 3 potions of curing {unknown}
 h - a potion of cancellation {unknown}
 i - 3 potions of resistance {unknown}
 j - a potion of attraction
 m - 2 potions of degeneration
 p - 3 potions of mutation {unknown}
 u - a potion of ambrosia {unknown}
 w - 2 potions of haste {unknown}


   Skills:
 + Level 6.5 Fighting
 * Level 7.7 Axes
 + Level 6.5 Armour
 + Level 6.5 Shields


You had 7 spell levels left.
You didn't know any spells.
Your spell library contained the following spells:

 Spells                   Type           Power      Damage    Failure   Level
 Magic Dart               Conj           0%         1d3       99%         1
 Searing Ray              Conj           0%         2d4       100%        2
 Fulminant Prism          Conj/Hex       0%         3d6       100%        4


Dungeon Overview and Level Annotations

Branches:
Dungeon (6/15)             Temple (1/1) D:4           Sewer (visited)

Altars:
Ashenzari
Cheibriados
Dithmenos
Elyvilon
Fedhas
Kikubaaqudgha
Makhleb
Nemelex Xobeh
Qazlal
Ru
Trog
Uskayaw
Vehumet
Wu Jian
Xom
Yredelemnul
Zin
The Shining One


Innate Abilities, Weirdness & Mutations

You have a pair of horns on your head.
You reflexively headbutt those who attack you in melee.


Message History

The black bear claws you but does no damage.
You hit the black bear.
The black bear is moderately wounded.
The black bear misses you.
The black bear claws you but does no damage.
You block the black bear's attack.
You slice the black bear!!
The black bear is almost dead.
The black bear bites you but does no damage.
The black bear barely misses you. The black bear claws you.
You barely miss the black bear.
The black bear is almost dead.
The black bear goes berserk!
You barely miss the black bear. Your headbutt misses the black bear.
The black bear is almost dead.
You hit the jelly.
Your hands burn!
The black bear barely misses you. x2
The black bear claws you but does no damage.
The jelly hits you.
You are splashed with acid!
You block the black bear's attack.
The black bear claws you but does no damage.
The black bear closely misses you.
You slash the black bear!
You kill the black bear!
You barely miss the jelly. The jelly hits you but does no damage.
You slash the jelly!
Your hands burn!
You headbutt the jelly.
The jelly is heavily wounded.
You slash the jelly!
You kill the jelly!
You slash the two-headed ogre!
The two-headed ogre hits you with a +0 giant club!
The two-headed ogre hits you with a +0 giant spiked club!
It was a potion of degeneration.
There was something very wrong with that liquid.
You feel weakened.
You feel dopey.
You feel clumsy. The ice beast hits you. The ice beast freezes you!
* * * LOW HITPOINT WARNING * * *
It was a potion of attraction.
You feel attractive to monsters.
The two-headed ogre hits you with a +0 giant club!!
You die...

#.......:. #####....#.#.
. ............ ..
......... ... ....... ..
#....#.##.. #..OY......
... #..@# ... #...# #.#
#...# #.# ## ##.## #.# #.
##..# #.# #. ##.##...##
#.#####.
.........#########.....>.
##.##..............#####.
.. ##..#.##........# #.


You could see a two-headed ogre and an ice beast.

Vanquished Creatures
  Sigmund (D:4)
  Eustachio (D:5)
  Menkaure (D:4)
  A water moccasin (D:5)
  A black bear (D:6)
  2 kobold brigands (Sewer)
  A scorpion (D:6)
  2 hounds
  A jelly (D:6)
  An orc wizard (D:4)
  Ijyb (D:4)
  An iguana (D:6)
  3 gnolls (D:4)
  3 river rats (Sewer)
  12 adders
  A worm (D:3)
  A dart slug (D:2)
  8 orcs
  11 ball pythons
  9 endoplasms
  7 giant cockroaches
  5 goblins
  10 hobgoblins
  2 quokkas
  A bat (D:1)
  9 frilled lizards
  18 kobolds
  28 rats
142 creatures vanquished.

Vanquished Creatures (others)
  4 plants (D:2)
4 creatures vanquished.

Grand Total: 146 creatures vanquished

Notes
Turn   | Place    | Note
-------+----------+-------------------------------------------
     0 | D:1      | leetdood the Minotaur Fighter began the quest for the Orb.
     0 | D:1      | Reached XP level 1. HP: 19/19 MP: 0/0
   234 | D:1      | Reached XP level 2. HP: 27/27 MP: 1/1
   303 | D:1      | Found a faded altar of an unknown god.
  1098 | D:2      | Reached skill level 3 in Axes
  1218 | D:2      | Reached XP level 3. HP: 33/33 MP: 2/2
  1277 | D:2      | Found a sacrificial altar of Ru.
  1668 | D:2      | Reached XP level 4. HP: 40/40 MP: 3/3
  2551 | D:3      | Reached skill level 4 in Axes
  2590 | D:3      | Found a glowing drain.
  2595 | D:3      | Reached XP level 5. HP: 24/47 MP: 4/4
  2646 | Sewer    | Entered a sewer
  3226 | Sewer    | Reached XP level 6. HP: 50/55 MP: 5/5
  3329 | Sewer    | Reached skill level 5 in Fighting
  3399 | Sewer    | Reached skill level 5 in Axes
  3400 | Sewer    | Reached skill level 5 in Armour
  3400 | Sewer    | Reached skill level 5 in Shields
  3828 | D:4      | Noticed Ijyb
  3847 | D:4      | Killed Ijyb
  3885 | D:4      | Noticed Menkaure
  3891 | D:4      | Killed Menkaure
  3892 | D:4      | Reached XP level 7. HP: 52/61 MP: 6/6
  4103 | D:4      | Reached skill level 6 in Axes
  4167 | D:4      | Found a staircase to the Ecumenical Temple.
  4179 | Temple   | Entered the Ecumenical Temple
  4566 | D:4      | Noticed Sigmund
  4584 | D:4      | Killed Sigmund
  4755 | D:5      | Entered Level 5 of the Dungeon
  5158 | D:5      | Noticed Eustachio
  5291 | D:5      | Reached skill level 7 in Axes
  5450 | D:5      | Killed Eustachio
  5451 | D:5      | Reached XP level 8. HP: 20/70 MP: 7/7
  5959 | D:6      | Noticed a two-headed ogre
  5970 | D:6      | Mangled by a two-headed ogre

Illustrated notes

Levels and vault maps discovered:
D:1:      minmay_arrival_pointy, layout_basic,
          ebering_ecumenical_altar_sacrificial
D:2:      layout_loops_cross, basic_altar, serial_forest,
          infiniplex_forest_lined_3, infiniplex_forest_lined_3_way,
          infiniplex_forest_corner_1, infiniplex_forest_straight_5,
          infiniplex_forest_lined_corner, infiniplex_forest_straight_3,
          infiniplex_forest_end_3, minmay_quantized
D:3:      layout_basic, gup_sewer_entry_bubbles
D:4:      cheibrodos_quashed, layout_basic, minmay_temple_entry_glass,
          uniq_sigmund, uniq_ijyb, uniq_menkaure
D:5:      layout_rooms, hex_large, uniq_eustachio
D:6:      layout_loops_cross, okawaru_ov_weapons_minmay
Temple:   compressed_dpeg_circular_temple

Skill      XL: |  1  2  3  4  5  6  7 |
---------------+----------------------+-----
Shields        | 4 5 6 |  6.5
Fighting       | 4 5 6 |  6.5
Armour         | 4 5 6 |  6.5
Axes           | 3 4 5 7 |  7.7

Action                   |  1- 3 |  4- 6 |  7- 9 || total
-------------------------+-------+-------+-------++-------
Melee: War axe           |    62 |   181 |    96 ||   339
       Headbutt          |     9 |    23 |    12 ||    44
  Use: Potion            |       |     1 |     2 ||     3
       Scroll            |       |       |     5 ||     5
Armor: Scale mail        |     8 |       |       ||     8
       Chain mail        |    13 |    59 |    80 ||   152
Dodge: Dodged            |    19 |    86 |    85 ||   190
Block: Buckler           |     5 |    31 |    32 ||    68
